 Dungeon Crawl Stone Soup version 0.29.1-2-gbd0b4ee654 (webtiles) character file.

Game seed: 3833459765372174309

69022 KamiKatze the Eclecticist (level 14, 0/79 HPs)
             Began as a Deep Elf Conjurer on Oct 31, 2022.
             Was a High Priest of Vehumet.
             Killed by divine providence
             ... invoked by Saint Roka
              (12 damage)
             ... on level 2 of the Orcish Mines on Nov 1, 2022.
             The game lasted 01:44:06 (21895 turns).

KamiKatze the Eclecticist (Deep Elf Conjurer)      Turns: 21895, Time: 01:44:07

Health: 0/79       AC:  8    Str:  4    XL:     14   Next: 88%
Magic:  14/45      EV: 34    Int: 29    God:    Vehumet [*****.]
Gold:   2038       SH:  5    Dex: 17    Spells: 17/45 levels left

rFire   + + .      SeeInvis .   v - staff of poison
rCold   + . .      Faith    .   Q - +0 buckler
rNeg    . . .      Spirit   .   j - +2 robe {rC+ rF+}
rPois   +          Reflect  .   f - +0 helmet
rElec   .          Harm     .   I - +1 cloak
rCorr   .          Rampage  .   s - +0 pair of gloves
Will    ++...                   (no boots)
Stlth   ++++......              P - amulet of the acrobat
HPRegen 0.23/turn               C - ring of magical power
MPRegen 0.29/turn               G - ring of Atsewif {rF+ Will+ EV+4 Dex+4}

@: acrobatic
A: no striking features
a: Renounce Religion


You were on level 2 of the Orcish Mines.
You worshipped Vehumet.
Vehumet was extremely pleased with you.
You visited 4 branches of the dungeon, and saw 19 of its levels.
You also visited: Volcano.

You collected 2038 gold pieces.

Inventory:

Hand Weapons
 Z - the +10 trident of Dung {holy, rElec rF+}
   (You found it on level 5 of the Lair of Beasts)

   It has been blessed by the Shining One to cause great damage to the undead
   and demons.
   rF:        It protects you from fire.
   rElec:     It insulates you from electricity.
Missiles
 y - 13 poisoned darts (quivered)
 K - 3 throwing nets
 L - a curare-tipped dart
Armour
 f - a +0 helmet (worn)
 j - a +2 robe of resistance (worn)
 s - a +0 pair of gloves (worn)
 w - +0 acid dragon scales
 I - a +1 cloak (worn)
 Q - a +0 buckler (worn)
 R - a +0 robe of willpower
Magical Staves
 i - a staff of cold
 v - a staff of poison (weapon)
Jewellery
 e - a +6 ring of strength
 o - a ring of see invisible
 C - a ring of magical power (left hand)
 G - the ring of Atsewif (right hand) {rF+ Will+ EV+4 Dex+4}
   (You found it on level 6 of the Dungeon)

   [ring of evasion]

   EV:        It affects your evasion (+4).
   Dex:       It affects your dexterity (+4).
   rF:        It protects you from fire.
   Will:      It increases your willpower.
 O - a ring of flight
 P - an amulet of the acrobat (around neck)
 V - a ring of ice
Wands
 c - a wand of digging (6)
 D - a wand of iceblast (23)
 E - a wand of paralysis (16)
 H - a wand of flame (38)
 N - a wand of polymorph (7)
 T - a wand of quicksilver (1)
 X - a wand of mindburst (10)
Scrolls
 g - 2 scrolls of amnesia
 n - a scroll of fear
 r - 3 scrolls of teleportation
 x - a scroll of magic mapping
 F - 3 scrolls of blinking
 J - 3 scrolls of immolation
 M - 2 scrolls of butterflies
 S - a scroll of poison
 Y - a scroll of enchant armour
Potions
 a - a potion of cancellation
 d - 3 potions of resistance
 h - 2 potions of haste
 k - 2 potions of invisibility
 l - 4 potions of brilliance
 m - 6 potions of attraction
 p - a potion of lignification {unknown}
 q - 7 potions of heal wounds
 t - 8 potions of curing
 u - 5 potions of mutation
 z - 3 potions of might
 A - a potion of ambrosia
 W - 3 potions of berserk rage


   Skills:
 + Level 5.9 Fighting
 - Level 6.0 Dodging
 - Level 9.0 Stealth
 - Level 4.0 Shields
 * Level 16.2 Spellcasting
 * Level 14.3 Conjurations
 - Level 10.0 Hexes
 - Level 10.0 Translocations
 - Level 3.0 Ice Magic
 * Level 11.0 Air Magic
 * Level 0.0 Earth Magic
 - Level 3.0 Poison Magic
 - Level 2.0 Evocations


You had 17 spell levels left.
You knew the following spells:

 Your Spells              Type           Power      Damage    Failure   Level
a - Magic Dart            Conj           100%       1d8       0%          1
b - Searing Ray           Conj           100%       2d8       0%          2
c - Fulminant Prism       Conj/Hex       38%        3d18      1%          4
d - Iskenderun's Mystic   Conj/Tloc      76%        2d15      1%          4
e - Airstrike             Air            36%        2d(6-22)  1%          4
f - Freezing Cloud        Conj/Ice/Air   34%        6-21      1%          5
g - Lee's Rapid Deconstr  Erth           12%        3d9*      17%         5
m - Mephitic Cloud        Conj/Pois/Air  87%        N/A       1%          3

Your spell library contained the following spells:

 Spells                   Type           Power      Damage    Failure   Level
 Shock                    Conj/Air       100%       1d9       0%          1
 Static Discharge         Conj/Air       77%        3-13/arc  0%          2
 Scorch                   Fire           46%        2d7       1%          2
 Dazzling Flash           Conj/Hex       100%       N/A       1%          3
 Ignite Poison            Fire/Tmut/Pois 44%        N/A       1%          3
 Swiftness                Air            73%        N/A       1%          3
 Flame Wave               Conj/Fire      60%        2d14      1%          4
 Lightning Bolt           Conj/Air       38%        1d57      1%          5
 Necrotise                Necr           92%        1d8       2%          1
 Summon Lightning Spire   Summ/Air       53%        N/A       2%          4
 Starburst                Conj/Fire      30%        6d9       5%          6
 Vampiric Draining        Necr           23%        2d7       8%          3
 Maxwell's Capacitive Co  Air            36%        ∞         41%         8
 Agony                    Necr           23%        N/A       56%         5
 Summon Cactus Giant      Summ           11%        N/A       98%         6


Dungeon Overview and Level Annotations

Branches:
Dungeon (11/15)            Temple (1/1) D:6            Lair (5/5) D:8
 Shoals (0/4) Lair:2       Spider (0/4) Lair:2        Slime (0/5) Lair:5
    Orc (2/2) D:11            Elf (0/3) Orc:2       Volcano (visited)

Altars:
Ashenzari
Cheibriados
Dithmenos
Elyvilon
Fedhas
Gozag
Hepliaklqana
Kikubaaqudgha
Makhleb
Nemelex Xobeh
Okawaru
Qazlal
Ru
Sif Muna
Trog
Uskayaw
Vehumet
Wu Jian
Xom
Yredelemnul
Zin
The Shining One
Jiyva

Shops:
D:6 *   D:8 *   D:11 [

Annotations:
Orc:2 Saint Roka


Message History

Your fulminant prism crackles loudly.
Saint Roka hits your fulminant prism with a +3 halberd!!
Your fulminant prism explodes!
The blast of energy engulfs Saint Roka!
Saint Roka is heavily wounded.
Casting: Fulminant Prism (safe; 1% risk of failure)
Confirm with . or Enter, or press ? or * to list all spells.
Aiming: Fulminant Prism (safe; 1% risk of failure)
Press: ? - help, Dir - move target You conjure a prism of explosive energy!
A fulminant prism comes into view.
Your fulminant prism crackles loudly.
Saint Roka invokes the aid of Beogh against you.
Beogh smites you!
Your fulminant prism explodes!
The blast of energy engulfs Saint Roka!!
Saint Roka is heavily wounded.
Casting: Fulminant Prism (safe; 1% risk of failure)
Confirm with . or Enter, or press ? or * to list all spells.
Aiming: Fulminant Prism (safe; 1% risk of failure)
Press: ? - help, Dir - move target You conjure a prism of explosive energy!
A fulminant prism comes into view.
Saint Roka calls down the wrath of Beogh upon you.
Beogh smites you!
* * * LOW HITPOINT WARNING * * *
Saint Roka calls down the wrath of Beogh upon you.
Beogh smites you!
* * * LOW HITPOINT WARNING * * *
Your fulminant prism crackles loudly.
Your fulminant prism explodes!
Casting: Fulminant Prism (safe; 1% risk of failure)
Confirm with . or Enter, or press ? or * to list all spells.
Aiming: Fulminant Prism (safe; 1% risk of failure)
Press: ? - help, Dir - move target You conjure a prism of explosive energy!
A fulminant prism comes into view.
Saint Roka calls down the wrath of Beogh upon you.
Beogh smites you!
You die...

##.........##...........##....
###.....#####...^.###.#####..
#....).#.......## ### #..
##....)........# ##.
#.[..).)....### ##
##......)..## # ###..).....##
# #.#....[[.[.##
####.......@...###
##.#....).........###
##..#......#.........#
#.........##...#....###
##..#........*#.......##
####......#...........#
#............####.## #
###......o....##### ...
##.......#...# #....


You could see Saint Roka (ally target) and a friendly fulminant prism.

Vanquished Creatures
  Rupert (Orc:2)
  An orc warlord (Orc:2)
  Azrael (Orc:2)
  A red draconian (Volcano)
  Josephine (D:11)
  9 hydras
  Fannar (D:11)
  A boulder beetle (Lair:5)
  Erica (D:8)
  An ogre mage (Orc:2)
  4 two-headed ogres
  A centaur warrior (Volcano)
  2 catoblepae (Lair:5)
  A deep troll shaman (Lair:5)
  15 death yaks
  Urug (D:10)
  Nergalle (Lair:3)
  A lindwurm (Lair:5)
  3 orc knights
  2 oklob plants (Lair:4)
  An orc sorcerer (Orc:2)
  A manticore (D:11)
  Maurice (Orc:1)
  11 elephants
  4 molten gargoyles
  Joseph (D:9)
  Maggie (D:6)
  5 black mambas
  A torpor snail (Lair:1)
  An unseen horror (D:10)
  14 cane toads
  5 rime drakes
  6 komodo dragons
  2 polar bears
  6 trolls
  A hornet (D:9)
  7 dream sheep
  9 blink frogs
  Sigmund (D:2)
  3 jumping spiders (Lair:2)
  4 culicivoras (Lair:2)
  3 wyverns
  2 fire bats (Volcano)
  A vampire (D:10)
  4 fire elementals (Orc:2)
  29 yaks
  5 wraiths
  3 basilisks
  A steam dragon (D:10)
  2 redbacks (Lair:2)
  4 wargs
  Menkaure (D:6)
  3 acid dragons
  10 water moccasins
  2 hell hounds (Orc:2)
  26 orc warriors
  5 ice beasts
  A sky beast (D:8)
  6 black bears
  9 ogres
  5 centaurs
  8 wolves
  2 phantoms (D:6)
  Blork the orc (D:4)
  A kobold brigand (D:9)
  4 scorpions
  2 gnoll sergeants
  13 bullfrogs
  4 wights (D:8)
  3 killer bees (D:10)
  2 electric eels
  2 howler monkeys (D:8)
  13 lava snakes
  Crazy Yiuf (D:2)
  3 hounds
  13 orc priests
  A gnoll bouda (D:9)
  Jessica (D:3)
  5 iguanas
  16 orc wizards
  19 gnolls
  10 adders
  3 shadow imps
  2 ufetubi
  2 worms
  5 dart slugs
  88 orcs
  8 endoplasms
  3 giant cockroaches
  4 goblins
  8 hobgoblins
  3 jackals (D:4)
  12 kobolds
  2 quokkas (D:2)
  4 ball pythons
  5 bats
  4 frilled lizards
  A rat (D:2)
  A bush (Lair:5)
  A fulminant prism (Orc:2)
536 creatures vanquished.

Vanquished Creatures (others)
  An orc (Orc:2)
  273 fulminant prisms
  59 fungi
  80 plants
413 creatures vanquished.

Grand Total: 949 creatures vanquished

Notes
Turn   | Place    | Note
-------+----------+-------------------------------------------
     0 | D:1      | KamiKatze the Deep Elf Conjurer began the quest for the
                  | Orb.
     0 | D:1      | Reached XP level 1. HP: 10/10 MP: 6/6
   185 | D:1      | Reached skill level 1 in Hexes
   185 | D:1      | Reached XP level 2. HP: 11/15 MP: 4/8
   188 | D:1      | Learned a level 2 spell: Searing Ray
   369 | D:1      | Found a faded altar of an unknown god.
   432 | D:1      | Reached skill level 1 in Translocations
   560 | D:2      | Reached XP level 3. HP: 19/19 MP: 5/9
   763 | D:2      | Reached XP level 4. HP: 24/24 MP: 3/11
   802 | D:2      | Noticed Sigmund
   841 | D:2      | Killed Sigmund
   842 | D:2      | Reached skill level 4 in Spellcasting
   842 | D:2      | Reached skill level 5 in Conjurations
   842 | D:2      | Reached XP level 5. HP: 24/28 MP: 2/14
   886 | D:2      | Learned a level 4 spell: Fulminant Prism
   891 | D:2      | Learned a level 4 spell: Iskenderun's Mystic Blast
  1021 | D:2      | Reached XP level 6. HP: 32/32 MP: 10/15
  1404 | D:2      | Found a runed translucent door.
  1405 | D:2      | Noticed Crazy Yiuf
  1588 | D:3      | Noticed Jessica
  1592 | D:3      | Killed Jessica
  1829 | D:3      | Found the amulet of Elemental Vulnerability {rPois rF--
                  | rC-- AC+8}
  2170 | D:4      | Reached skill level 5 in Spellcasting
  2432 | D:4      | Noticed Blork the orc
  2565 | D:4      | Killed Blork the orc
  2566 | D:4      | Reached XP level 7. HP: 36/36 MP: 11/17
  2823 | D:5      | Entered Level 5 of the Dungeon
  3140 | D:5      | Reached skill level 5 in Hexes
  3218 | D:5      | Reached skill level 6 in Spellcasting
  3671 | D:6      | Found a snail-covered altar of Cheibriados.
  3675 | D:6      | Reached XP level 8. HP: 37/41 MP: 19/20
  3723 | D:6      | Found Isast's Assorted Antiques.
  3791 | D:6      | Noticed Maggie
  3800 | D:6      | Killed Maggie
  3801 | D:6      | Reached skill level 7 in Spellcasting
  3801 | D:6      | Reached skill level 5 in Translocations
  3801 | D:6      | Reached skill level 1 in Evocations
  3871 | D:6      | Found a staircase to the Ecumenical Temple.
  3880 | Temple   | Entered the Ecumenical Temple
  3963 | Temple   | Became a worshipper of Vehumet
  4235 | D:6      | Identified the ring of Atsewif {rF+ Will+ EV+4 Dex+4}
  4259 | D:6      | Noticed Menkaure
  4262 | D:6      | Killed Menkaure
  4456 | D:6      | Reached skill level 8 in Spellcasting
  4702 | D:2      | Killed Crazy Yiuf
  4703 | D:2      | Reached XP level 9. HP: 45/45 MP: 19/23
  5098 | D:7      | Identified the +9 sling of Prudence {venom, rElec rC+ Int-4
                  | Dex+3}
  5612 | D:8      | Reached skill level 1 in Fighting
  5815 | D:8      | Learned a level 4 spell: Airstrike
  5960 | D:8      | Reached * piety under Vehumet
  5960 | D:8      | Offered knowledge of Sandblast by Vehumet.
  5973 | D:8      | Reached skill level 9 in Spellcasting
  5973 | D:8      | Reached skill level 1 in Air Magic
  6056 | D:8      | Noticed Erica
  6066 | D:8      | Killed Erica
  6067 | D:8      | Reached XP level 10. HP: 17/52 MP: 13/25
  6394 | D:8      | Found Fyviklirph's Serpentskin Sales.
  6505 | D:8      | Found a staircase to the Lair.
  6820 | D:9      | Noticed Joseph
  6837 | D:9      | Killed Joseph
  6871 | D:9      | Reached skill level 10 in Spellcasting
  7182 | D:9      | Offered knowledge of Poisonous Vapours by Vehumet.
  7186 | D:9      | Reached ** piety under Vehumet
  7445 | D:9      | Reached skill level 11 in Spellcasting
  7445 | D:9      | Reached skill level 10 in Conjurations
  7877 | D:10     | Entered Level 10 of the Dungeon
  7910 | D:10     | Reached skill level 5 in Air Magic
  7910 | D:10     | Reached XP level 11. HP: 56/56 MP: 28/28
  8015 | D:10     | Offered knowledge of Mephitic Cloud by Vehumet.
  8024 | D:10     | Noticed Urug
  8348 | D:10     | Killed Urug
  8668 | D:11     | Noticed Fannar
  8679 | D:11     | Killed Fannar
  8711 | D:11     | Found Volouk's Antique Armour Emporium.
  8773 | D:11     | Noticed a five-headed hydra
  8779 | D:11     | Killed a five-headed hydra
  8780 | D:11     | Reached skill level 5 in Stealth
  8952 | D:11     | Reached *** piety under Vehumet
  9127 | D:11     | Reached skill level 10 in Hexes
  9143 | D:11     | Learned a level 3 spell: Mephitic Cloud
  9394 | D:11     | Noticed a two-headed ogre
  9414 | D:11     | Killed a two-headed ogre
  9415 | D:11     | Reached skill level 5 in Dodging
  9415 | D:11     | Reached skill level 12 in Spellcasting
  9491 | D:11     | Offered knowledge of Hailstorm by Vehumet.
  9512 | D:11     | Reached skill level 1 in Poison Magic
  9602 | D:11     | Noticed Josephine
  9618 | D:11     | Killed Josephine
 10114 | D:11     | Found a staircase to the Orcish Mines.
 10201 | D:11     | Reached skill level 1 in Shields
 10396 | Lair:1   | Entered Level 1 of the Lair of Beasts
 10470 | Lair:1   | Reached XP level 12. HP: 64/64 MP: 30/30
 10562 | Lair:1   | Noticed an eight-headed hydra
 10583 | Lair:1   | Killed an eight-headed hydra
 10689 | Lair:1   | Learned a level 5 spell: Freezing Cloud
 10731 | Lair:1   | Reached **** piety under Vehumet
 10803 | Lair:1   | Offered knowledge of Yara's Violent Unravelling by Vehumet.
 10856 | Lair:1   | Reached skill level 1 in Ice Magic
 11562 | Lair:2   | Noticed a five-headed hydra
 11562 | Lair:2   | Noticed a seven-headed hydra
 11568 | Lair:2   | Killed a seven-headed hydra
 11569 | Lair:2   | Killed a five-headed hydra
 11605 | Lair:2   | Noticed a six-headed hydra
 11843 | Lair:2   | Killed a six-headed hydra
 12132 | Lair:2   | Found a staircase to the Shoals.
 12287 | Lair:2   | Reached skill level 13 in Spellcasting
 12734 | Lair:2   | Found a hole to the Spider Nest.
 13049 | Lair:3   | Reached XP level 13. HP: 69/69 MP: 29/32
 13435 | Lair:3   | Found a radiant altar of Vehumet.
 13634 | Lair:3   | Noticed Nergalle
 13641 | Lair:3   | Killed Nergalle
 13642 | Lair:3   | Reached skill level 10 in Translocations
 14528 | Lair:4   | Reached ***** piety under Vehumet
 14987 | Lair:4   | Reached skill level 14 in Spellcasting
 15099 | Lair:4   | Offered knowledge of Starburst by Vehumet.
 15386 | Lair:4   | Found a blossoming altar of Fedhas.
 15703 | Lair:5   | Entered Level 5 of the Lair of Beasts
 16054 | Lair:5   | Found a dark tunnel.
 16069 | Volcano  | Entered a volcano
 16392 | Volcano  | Found a burning altar of Makhleb.
 16444 | Volcano  | Noticed a red draconian
 16455 | Volcano  | Killed a red draconian
 17052 | Lair:5   | Identified the +10 trident of Dung {holy, rElec rF+}
 17160 | Lair:5   | Reached XP level 14. HP: 76/76 MP: 18/34
 17517 | Lair:5   | Reached skill level 5 in Fighting
 17839 | Lair:5   | Reached skill level 15 in Spellcasting
 18213 | Lair:5   | Found a viscous altar of Jiyva.
 18213 | Lair:5   | Found a staircase to the Slime Pits.
 18647 | Lair:5   | Reached skill level 10 in Air Magic
 19406 | Orc:1    | Entered Level 1 of the Orcish Mines
 19406 | Orc:1    | Noticed Maurice
 19410 | Orc:1    | Killed Maurice
 19792 | Orc:2    | Entered Level 2 of the Orcish Mines
 20795 | Orc:2    | Noticed an orc warlord
 20809 | Orc:2    | Killed an orc warlord
 20810 | Orc:2    | Reached skill level 16 in Spellcasting
 21014 | Orc:2    | Noticed Azrael
 21019 | Orc:2    | Killed Azrael
 21207 | Orc:2    | Noticed Rupert
 21349 | Orc:2    | Found a staircase to the Elven Halls.
 21378 | Orc:2    | Killed Rupert
 21631 | Orc:2    | Noticed Saint Roka
 21670 | Orc:2    | Offered knowledge of Lee's Rapid Deconstruction by Vehumet.
 21717 | Orc:2    | Learned a level 5 spell: Lee's Rapid Deconstruction
 21895 | Orc:2    | Killed from afar by Saint Roka

Illustrated notes

Levels and vault maps discovered:
D:1:      eino_arrival_cavern_d, layout_basic, shapermc_ecumenical_altar_venn
D:2:      layout_basic, uniq_crazy_yiuf_cottage, uniq_sigmund
D:3:      layout_rooms, small_statue_alley_b, uniq_jessica
D:4:      layout_basic, uniq_blork_the_orc
D:5:      layout_loops_ring
D:6:      layout_basic, mainiacjoe_overflow_concentric_impassable,
          lemuel_temple_firewalk_b, serial_shops, nicolae_shop_advertising_works
          [nicolae_subvault_shop_adworks], kennysheep_flooded_box,
          uniq_menkaure, uniq_maggie
D:7:      layout_cave_pools
D:8:      layout_basic, grunt_lair_entry_orc_guard_hut, guppyfry_shop_venom,
          uniq_erica
D:9:      argonaut_augean_stables, layout_basic, uniq_joseph
D:10:     layout_basic, minmay_misc_feat_alley, uniq_urug
D:11:     layout_loops_ring, hiddenorc1_lemuel, serial_shops,
          nicolae_shop_hallway_plus, kennysheep_another_room, uniq_josephine,
          uniq_fannar
Temple:   compressed_dpeg_triangle_lava_temple
Lair:1:   layout_gridlike, nzn_random_ring, infiniplex_staircase_pool_2,
          grunt_megastairs_4
Lair:2:   layout_small_grid, elwin_shoals_entry_rocks,
          nicolae_spider_entry_tight_spaces, beast_lair_carwin_11,
          serial_bayou_shore_b
Lair:3:   cheibrodos_magma_flow, layout_concentric_octagons, basic_altar,
          chequers_serial_rivers_micro_c, uniq_nergalle
Lair:4:   layout_regular_city, hangedman_tree_tricks, grunt_megastairs_5
Lair:5:   grunt_lair_end_beastmaster, layout_small_grid,
          dpeg_slime_entry_enclosed, enter_volcano_4, lemuel_fruit_tree,
          grunt_megastairs_3
Orc:1:    layout_caves, basic_altar, uniq_maurice
Orc:2:    grunt_orc_tribal_feast, layout_diamond_mine, uniq_rupert, uniq_azrael,
          uniq_saint_roka

Skill      XL: |  1  2  3  4  5  6  7  8  9 10 11 12 13 14 |
---------------+-------------------------------------------+-----
Hexes          | 1 2 3 4 5 7 8 9 10 | 10.0
Translocations | 1 2 3 4 6 7 8 9 10 | 10.0
Dodging        | 3 4 5 6 |  6.0
Stealth        | 3 4 5 6 8 9 |  9.0
Spellcasting   | 4 5 6 8 9 11 12 13 14 16 | 16.2
Conjurations   | 5 6 7 8 10 11 13 14 | 14.3
Evocations     | 2 |  2.0
Fighting       | 1 2 3 4 5 |  5.9
Air Magic      | 2 5 6 7 9 11 | 11.0
Poison Magic   | 1 3 |  3.0
Shields        | 2 4 |  4.0
Ice Magic      | 3 |  3.0

Action                   |  1- 3 |  4- 6 |  7- 9 | 10-12 | 13-15 || total
-------------------------+-------+-------+-------+-------+-------++-------
Melee: Short sword       |     3 |       |       |       |       ||     3
       Staff             |       |       |       |     3 |       ||     3
Throw: Dart              |       |       |       |       |     3 ||     3
 Cast: Magic Dart        |    46 |    55 |    58 |    18 |    18 ||   195
       Searing Ray       |     3 |    10 |    36 |    12 |     2 ||    63
       Fulminant Prism   |       |       |    32 |   154 |    90 ||   276
       Iskenderun's Myst |       |       |     8 |    74 |   106 ||   188
       Airstrike         |       |       |       |    44 |    70 ||   114
       Freezing Cloud    |       |       |       |     4 |   105 ||   109
       Mephitic Cloud    |       |       |       |       |     3 ||     3
  Use: Scroll            |       |     6 |    11 |     7 |     4 ||    28
       Potion            |       |       |     1 |     1 |       ||     2
Armor: Robe              |     2 |     1 |     6 |     2 |     6 ||    17
Dodge: Dodged            |     6 |     4 |    23 |    38 |    28 ||    99
Block: Buckler           |       |       |       |     2 |     6 ||     8
